 Dungeon Crawl Stone Soup version 0.28-a0-1117-g0bdd5ba030 (webtiles) character file.

Game seed: 9772618157497282781

7650 Zonian the Reanimator (level 10, -2/67 HPs)
             Began as a Demonspawn Necromancer on Dec 11, 2021.
             Was a Follower of Yredelemnul.
             Slain by a jumping spider (6 damage)
             ... on level 3 of the Lair of Beasts.
             The game lasted 00:36:46 (17531 turns).

Zonian the Reanimator (Demonspawn Necromancer)     Turns: 17531, Time: 00:36:47

Health: -2/67      AC: 17    Str: 21    XL:     10   Next: 99%
Magic:  13/20      EV: 15    Int: 21    God:    Yredelemnul [*.....]
Gold:   617        SH:  4    Dex: 15    Spells: 9/22 levels left

rFire   . . .      SeeInvis .   f - +2 short sword (elec)
rCold   . . .      Faith    .   (no shield)
rNeg    . . .      Spirit   .   a - +0 robe
rPois   .          Reflect  .   (no helmet)
rElec   .          Harm     .   (no cloak)
rCorr   .          Rampage  .   s - +0 pair of gloves
Will    .....                   d - +0 pair of boots
Stlth   ++++......              (no amulet)
HPRegen 0.21/turn               i - ring of Baphu {Str+6 Dex+2}
MPRegen 0.17/turn               y - +6 ring of strength

@: sanguine armoured, hasted, very quick
A: icemail 1, sanguine armour 2, condensation shield, weakness stinger 2
a: Renounce Religion, Recall Undead Harvest


You were on level 3 of the Lair of Beasts.
You worshipped Yredelemnul.
Yredelemnul was aware of your devotion.
You visited 3 branches of the dungeon, and saw 12 of its levels.

You collected 617 gold pieces.

Inventory:

Hand Weapons
 b - a +0 dagger
 f - a +2 short sword of electrocution (weapon)
 m - a +2 hunting sling of flaming
 p - a +0 trident of flaming
 q - a +0 vorpal hunting sling
 z - a +0 vampiric dagger
Missiles
 n - 276 stones
 o - 15 poisoned darts
 x - 77 sling bullets
Armour
 a - a +0 robe (worn)
 d - a +0 pair of boots (worn)
 r - the +4 ring mail of Feral Mirth {rPois Str-3 Dex+3}
   (You found it on level 5 of the Dungeon)

   Str:       It affects your strength (-3).
   Dex:       It affects your dexterity (+3).
   rPois:     It protects you from poison.
 s - a +0 pair of gloves (worn)
 v - a +0 cloak
 F - a +1 helmet
Jewellery
 i - the ring of Baphu (left hand) {Str+6 Dex+2}
   (You acquired it on level 3 of the Dungeon)

   [ring of strength]

   Str:       It affects your strength (+6).
   Dex:       It affects your dexterity (+2).
 y - a +6 ring of strength (right hand)
 C - a ring of protection from fire
Wands
 j - a wand of paralysis (8)
 l - a wand of polymorph (10)
 t - a wand of charming (5)
 D - a wand of iceblast (1)
Scrolls
 A - a scroll of teleportation
Potions
 c - 4 potions of curing
 e - 2 potions of ambrosia
 h - a potion of resistance
 k - a potion of brilliance {unknown}
 u - 2 potions of attraction
 w - 2 potions of heal wounds
 B - a potion of degeneration {unknown}
 E - 3 potions of mutation


   Skills:
 + Level 2.0 Fighting
 + Level 6.2 Short Blades
 + Level 6.6 Dodging
 + Level 7.2 Stealth
 + Level 6.7 Spellcasting
 + Level 8.8 Necromancy
 + Level 8.2 Invocations


You had 9 spell levels left.
You knew the following spells:

 Your Spells              Type           Power      Damage    Failure   Level
a - Pain                  Necr           100%       1d9       1%          1
b - Vampiric Draining     Necr           44%        2d9       1%          3
c - Animate Dead          Necr           22%        N/A       2%          4
d - Agony                 Necr           44%        N/A       7%          5

Your spell library contained the following spells:

 Spells                   Type           Power      Damage    Failure   Level
 Animate Skeleton         Necr           88%        N/A       1%          1
 Excruciating Wounds      Necr           22%        N/A       7%          5
 Freeze                   Ice            28%        1d5       9%          1
 Frozen Ramparts          Ice            14%        1d3       26%         3
 Ignite Poison            Fire/Tmut/Pois 7%         N/A       26%         3
 Spider Form              Tmut/Pois      7%         N/A       26%         3
 Fulminant Prism          Conj/Hex       3%         3d6       65%         4
 Hailstorm                Conj/Ice       7%         3d4       65%         4
 Ice Form                 Ice/Tmut       7%         N/A       65%         4
 Iskenderun's Mystic Bla  Conj/Tloc      7%         2d4       65%         4
 Lee's Rapid Deconstruct  Erth           3%         3d6*      94%         5
 Yara's Violent Unravell  Hex/Tmut       3%         3d4       94%         5
 Haunt                    Necr/Summ      12%        N/A       100%        7
 Infestation              Necr           22%        N/A       100%        8
 Lehudib's Crystal Spear  Conj/Erth      3%         10d3      100%        8


Dungeon Overview and Level Annotations

Branches:
Dungeon (8/15)             Temple (1/1) D:4            Lair (3/6) D:8
 Spider (0/4) Lair:3
  Swamp: Lair:2-4    Shoals: Lair:2-4

Altars:
Ashenzari
Cheibriados
Dithmenos
Fedhas
Gozag
Hepliaklqana
Kikubaaqudgha
Makhleb
Nemelex Xobeh
Okawaru
Qazlal
Ru
Trog
Uskayaw
Vehumet
Wu Jian
Xom
Yredelemnul
Zin
The Shining One

Shops:
D:6 [

Annotations:
D:4 1 runed translucent door
Lair:2 exclusion: oklob plant


Innate Abilities, Weirdness & Mutations

A meltable icy envelope protects you from harm. (AC +4)
When seriously injured, your blood forms thick armour. (AC +9)
A meltable shield of frost defends you. (SH +4)
You have a tail ending in a sharp stinger.


Message History

Unknown command.
Casting: Pain (safe; 1% risk of failure)
Confirm with . or Enter, or press ? or * to list all spells.
Aiming: Pain (safe; 1% risk of failure)
Press: ? - help, Shift-Dir - straight line, f/p - jumping spider
Aim: a jumping spider (heavily wounded, ally target, chance to affect: 84%)
The jumping spider writhes in agony.
The jumping spider pounces on Urug!
The jumping spider bites Urug!
Urug tears the web.
Unknown command.
Urug hits the jumping spider.
Unknown command.
Casting: Pain (safe; 1% risk of failure)
Confirm with . or Enter, or press ? or * to list all spells.
Aiming: Pain (safe; 1% risk of failure)
Press: ? - help, Shift-Dir - straight line, f/p - jumping spider
Aim: a jumping spider (severely wounded, ally target, chance to affect: 84%)
The jumping spider writhes in agony.
Unknown command.
Casting: Pain (safe; 1% risk of failure)
Confirm with . or Enter, or press ? or * to list all spells.
Aiming: Pain (safe; 1% risk of failure)
Press: ? - help, Shift-Dir - straight line, f/p - jumping spider
Aim: a jumping spider (severely wounded, ally target, chance to affect: 84%)
The jumping spider barely resists.
Unknown command.
You hit the jumping spider but do no damage.
Your tail-slap misses the jumping spider.
The jumping spider is severely wounded.
The jumping spider pounces on you but does no damage.
The jumping spider bites you but does no damage.
Casting: Pain (safe; 1% risk of failure)
Confirm with . or Enter, or press ? or * to list all spells.
Aiming: Pain (safe; 1% risk of failure)
Press: ? - help, Shift-Dir - straight line, f/p - jumping spider
Aim: a jumping spider (severely wounded, ally target, chance to affect: 84%)
The jumping spider writhes in agony.
The jumping spider closely misses you. The jumping spider bites you.
You die...
Your body rises from the dead as a mindless zombie.

+..... .# ..... #s #.
.... ^.#^ .. #.. ####
#^^##^. #.
#^..##.^.^# #
.^#.#..^.# ###
###.#.^.###########P#
#.).@.........##....o
##..s..........+.....
#..Z..........#.....
♣...........'.......
♣≈≈..........#######
≈≈≈P≈≈≈.........# .
≈≈PP≈≈≈≈♣♣##'..### ##
≈≈≈≈P≈≈♣##...### .
.≈≈≈♣≈♣♣P....# ##


You could see a jumping spider (ally target) and the friendly Urug the orc
zombie.

Vanquished Creatures
  A two-headed ogre (D:8)
  Urug (Lair:3)
  2 komodo dragons (Lair:1)
  A polar bear (Lair:1)
  A tyrant leech (Lair:2)
  Sigmund (D:5)
  5 yaks (Lair:2)
  A basilisk (Lair:1)
  A steam dragon (D:7)
  Menkaure (D:5)
  2 swamp worms (Lair:2)
  3 water moccasins
  3 black bears
  A sky beast (D:7)
  A necrophage (D:8)
  An ogre (D:5)
  A centaur (D:4)
  A phantom (D:5)
  Blork the orc (D:5)
  3 bullfrogs
  2 kobold brigands (D:8)
  3 scorpions (D:5)
  A water moccasin zombie (D:6)
  A polar bear zombie (Lair:1)
  2 howler monkeys (D:8)
  A centaur zombie (D:7)
  A bullfrog skeleton (D:6)
  2 jellies
  3 orc priests
  A centaur skeleton (D:3)
  2 hounds
  3 iguanas
  Ijyb (D:4)
  4 orc wizards
  6 adders
  4 gnolls
  A white imp (D:8)
  An ufetubus (D:7)
  3 worms
  4 dart slugs (D:2)
  19 orcs
  6 ball pythons
  6 bats
  15 endoplasms
  4 giant cockroaches
  10 goblins
  5 hobgoblins
  3 jackals (D:4)
  10 kobolds
  6 quokkas
  8 frilled lizards
  2 rats
172 creatures vanquished.

Vanquished Creatures (collateral kills)
  A two-headed ogre (D:8)
  A cane toad (Lair:2)
  A komodo dragon (Lair:1)
  2 swamp worms (Lair:2)
  A sky beast (D:8)
  A centaur (D:6)
  A bullfrog (Lair:1)
  A wyvern skeleton (D:6)
  An orc priest (D:7)
  2 white imps
  4 kobolds (D:8)
16 creatures vanquished.

Vanquished Creatures (others)
  A tyrant leech zombie (Lair:2)
  A water moccasin zombie (Lair:1)
  2 bullfrog zombies (Lair:1)
  A scorpion zombie (D:5)
  A sky beast zombie (D:8)
  A howler monkey zombie (D:8)
  A spectral jelly (D:5)
  An iguana zombie (D:7)
  A spectral white imp (D:7)
  6 kobold zombies (D:8)
  7 orc zombies
  A spectral ufetubus (D:7)
  6 fungi
  5 plants (Lair:1)
35 creatures vanquished.

Grand Total: 223 creatures vanquished

Notes
Turn   | Place    | Note
-------+----------+-------------------------------------------
     0 | D:1      | Zonian the Demonspawn Necromancer began the quest for the
                  | Orb.
     0 | D:1      | Reached XP level 1. HP: 13/13 MP: 3/3
   315 | D:1      | Gained mutation: When seriously injured, your blood forms
                  | armour. (AC +9) [demonic ancestry]
   315 | D:1      | Reached XP level 2. HP: 15/19 MP: 5/5
   615 | D:1      | Found a faded altar of an unknown god.
  1612 | D:1      | Gained mutation: You have a small tail. [demonic ancestry]
  1612 | D:1      | Reached XP level 3. HP: 15/24 MP: 2/6
  1958 | D:2      | Found an ornate altar of the Wu Jian Council.
  2924 | D:2      | Reached XP level 4. HP: 24/30 MP: 3/7
  3944 | D:3      | Reached skill level 1 in Short Blades
  3944 | D:3      | Reached skill level 5 in Necromancy
  4000 | D:3      | Learned a level 3 spell: Vampiric Draining
  4126 | D:3      | Gained mutation: A meltable shield of frost defends you.
                  | (SH +4) [demonic ancestry]
  4126 | D:3      | Reached XP level 5. HP: 31/35 MP: 4/9
  4534 | D:3      | Identified a scroll of acquirement
  4534 | D:3      | Acquired the ring of Baphu {Str+6 Dex+2}
  5803 | D:4      | Reached XP level 6. HP: 37/41 MP: 5/10
  6184 | D:4      | Learned a level 4 spell: Animate Dead
  6214 | D:4      | Found an opulent altar of Gozag.
  6551 | D:4      | Found a staircase to the Ecumenical Temple.
  6568 | Temple   | Entered the Ecumenical Temple
  6578 | Temple   | Became a worshipper of Yredelemnul the Dark
  6660 | D:4      | Found a runed translucent door.
  6694 | D:5      | Entered Level 5 of the Dungeon
  6694 | D:5      | Noticed Sigmund
  6694 | D:5      | Noticed Ijyb
  6707 | D:4      | Killed Ijyb
  7129 | D:5      | Reached skill level 1 in Invocations
  7129 | D:5      | Gained mutation: You have a tail ending in a sharp stinger.
                  | [demonic ancestry]
  7129 | D:5      | Reached XP level 7. HP: 14/46 MP: 9/12
  7744 | D:5      | Noticed Menkaure
  7755 | D:5      | Killed Menkaure
  7952 | D:5      | Reached * piety under Yredelemnul
  7961 | D:5      | Got Rijetaas's Papyrus of the Mountains and Beguiling
  8101 | D:5      | Noticed Blork the orc
  8106 | D:5      | Found a sparkling altar of Nemelex Xobeh.
  8679 | D:5      | Killed Blork the orc
  8851 | D:5      | Killed Sigmund
  8852 | D:5      | Gained mutation: When seriously injured, your blood forms
                  | thick armour. (AC +9) [demonic ancestry]
  8852 | D:5      | Reached XP level 8. HP: 37/52 MP: 14/14
  8987 | D:5      | Identified the +4 ring mail of Feral Mirth {rPois Str-3
                  | Dex+3}
  9221 | D:6      | Found Pogel's Armour Boutique.
  9711 | D:6      | Reached ** piety under Yredelemnul
  9716 | D:6      | Found a blossoming altar of Fedhas.
 10114 | D:7      | Found a bloodstained altar of Trog.
 10134 | D:7      | Reached skill level 5 in Stealth
 10156 | D:7      | Found a sacrificial altar of Ru.
 10197 | D:7      | Found a hazy altar of Hepliaklqana.
 10847 | D:7      | Reached skill level 5 in Spellcasting
 10847 | D:7      | Reached XP level 9. HP: 21/57 MP: 16/16
 11217 | D:7      | Found an ancient bone altar of Kikubaaqudgha.
 11382 | D:8      | Reached skill level 5 in Invocations
 11553 | D:8      | Noticed a two-headed ogre
 12106 | D:8      | Found a staircase to the Lair.
 12384 | D:8      | Noticed a two-headed ogre
 12393 | D:8      | Killed a two-headed ogre
 12394 | D:8      | Reached skill level 5 in Dodging
 12904 | D:8      | Killed a two-headed ogre
 12905 | D:8      | Reached skill level 5 in Short Blades
 13177 | Lair:1   | Entered Level 1 of the Lair of Beasts
 13445 | Lair:1   | Gained mutation: A meltable icy envelope protects you from
                  | harm. (AC +4) [demonic ancestry]
 13445 | Lair:1   | Reached XP level 10. HP: 54/63 MP: 18/18
 13572 | Lair:1   | Got the Catalogue of the Unstable Frostbite
 13579 | Lair:1   | Learned a level 5 spell: Agony
 13858 | Lair:1   | Reached *** piety under Yredelemnul
 14727 | Lair:2   | HP: 3/63 [swamp worm (16)]
 15159 | Lair:2   | Noticed a cane toad
 15168 | Lair:2   | Killed a cane toad
 15555 | Lair:2   | Noticed an oklob plant
 16232 | Lair:2   | Noticed a four-headed hydra
 16246 | Lair:2   | Noticed a four-headed hydra
 16254 | Lair:2   | Reached skill level 1 in Fighting
 17467 | Lair:3   | Noticed Urug
 17484 | Lair:3   | Found a hole to the Spider Nest.
 17512 | Lair:3   | Killed Urug
 17531 | Lair:3   | Slain by a jumping spider

Illustrated notes

Levels and vault maps discovered:
D:1:      minmay_arrival_glassed_features, layout_basic,
          chequers_ecumenical_altar_island
D:2:      cheibrodos_helix_gallery, layout_basic, basic_altar, minmay_tall_x
D:3:      layout_basic
D:4:      layout_rooms, mainiacjoe_overflow_chevrons,
          minmay_temple_entry_overgrown, uniq_crazy_yiuf_cottage
D:5:      layout_loops_corners, mainiacjoe_overflow_alcove_1,
          kennysheep_generic_room_9, uniq_sigmund, uniq_menkaure, uniq_ijyb,
          uniq_blork_the_orc
D:6:      layout_basic, fedhas_altar_fruit_tree, serial_shops,
          nicolae_shop_hallway_stairs
D:7:      layout_basic, old_standard_altar, general_overflow_altar,
          mainiacjoe_overflow_catch_the_wave
D:8:      layout_layer_cave, lair_entry_dummy
Temple:   nicolae_temple_no_exploring_needed
Lair:1:   layout_chaotic_city, chequers_serial_rivers_micro_e,
          beast_lair_carwin_1
Lair:2:   minmay_lair_oklob_tunnel, layout_concentric_octagons,
          palyth_hydra_swamp_entry, serial_bayou_shore_a, grunt_megastairs_2,
          infiniplex_staircase_pool_2, lemuel_fruit_tree
Lair:3:   layout_roguey, spider_nest_entry_rubble, roderic_batcave,
          serial_bayou_ford_a, uniq_urug

Skill      XL: |  1  2  3  4  5  6  7  8  9 10 |
---------------+-------------------------------+-----
Stealth        | 2 3 4 5 6 7 |  7.2
Dodging        | 2 3 4 5 6 |  6.6
Short Blades   | 1 2 3 4 5 6 |  6.2
Necromancy     | 5 6 7 8 |  8.8
Spellcasting   | 3 4 5 6 |  6.7
Invocations    | 1 3 4 6 8 |  8.2
Fighting       | 2 |  2.0

Action                   |  1- 3 |  4- 6 |  7- 9 | 10-12 || total
-------------------------+-------+-------+-------+-------++-------
Melee: Dagger            |    45 |       |       |       ||    45
       Short sword       |     4 |    66 |   181 |   109 ||   360
       Tailslap          |     1 |    11 |    40 |    22 ||    74
 Fire: Hunting sling     |       |       |    13 |       ||    13
 Cast: Pain              |    75 |   105 |    41 |    13 ||   234
       Vampiric Draining |       |       |     6 |     8 ||    14
Invok: Recall Undead Har |       |       |     1 |       ||     1
       Dark Bargain      |       |       |       |     1 ||     1
Evoke: Wand              |       |       |    11 |     9 ||    20
  Use: Scroll            |     4 |     1 |     8 |     4 ||    17
       Potion            |       |     1 |     5 |     2 ||     8
 Stab: Sleeping          |       |     3 |     6 |     2 ||    11
       Distracted        |       |       |     1 |       ||     1
Armor: Robe              |    32 |    11 |    38 |    31 ||   112
Dodge: Dodged            |    54 |    57 |   110 |    60 ||   281
Block: Other             |       |    15 |    26 |    19 ||    60

Table legend: (Time is in decaauts)
 A = Elapsed time spent in this place.
 B = Non-inter-level travel time spent in this place.
 C = Inter-level travel time spent in this place.
 D = Time resting spent in this place.
 E = Time spent auto-exploring this place.
 F = Levels seen in this place.
 G = Mean time per level.
                   A        B        C        D        E       F      G
               +--------+--------+--------+--------+--------+-----+--------+
         Total |  17480 |  17005 |    475 |   6051 |   8568 |  12 | 1456.7 |
       Dungeon |  13133 |  12685 |    448 |   3868 |   7057 |   8 | 1641.6 |
        Temple |     18 |     10 |      8 |      0 |      0 |   1 |   18.0 |
          Lair |   4328 |   4310 |     18 |   2183 |   1510 |   3 | 1442.7 |
               +--------+--------+--------+--------+--------+-----+--------+

Top non-repeatable levels by time:
  Lair:2: 2790 daAuts
     D:5: 2223 daAuts
     D:3: 2133 daAuts
     D:7: 1879 daAuts
     D:1: 1833 daAuts
     D:2: 1678 daAuts
  Lair:1: 1398 daAuts
     D:4: 1340 daAuts
     D:8: 1248 daAuts
     D:6: 796 daAuts
  Lair:3: 139 daAuts
  Temple: 18 daAuts
